 Dungeon Crawl Stone Soup version 0.31-a0-924-ge39a22a033 (webtiles) character file.

Game seed: 18166740919060628699

37 Gargoyl the Trooper (level 3, -7/24 HPs)
             Began as a Gargoyle Berserker on Oct 18, 2023.
             Was a Follower of Trog.
             Mangled by a worm (9 damage)
             ... on level 2 of the Dungeon.
             The game lasted 00:02:10 (1382 turns).

Gargoyl the Trooper (Gargoyle Berserker)            Turns: 1382, Time: 00:02:10

Health: -7/24      AC:  7    Str: 20    XL:     3   Next: 39%
Magic:  0/3        EV: 12    Int:  7    God:    Trog [*.....]
Gold:   67         SH:  0    Dex: 11    Spells: 2/2 levels left

rFire   . . .        a - +0 hand axe
rCold   + . .        (no shield)
rNeg    + . .        b - +0 animal skin
rPois   ∞            e - +2 hat
rElec   +            (no cloak)
rCorr   .            (no gloves)
SInv    .            (no boots)
Will    .....        c - amulet of guardian spirit
Stlth   +            f - ring of protection from cold
HPRegen 0.24/turn    (no ring)
MPRegen 0.08/turn

%: guardian spirit
@: on berserk cooldown, slowed, very slow
A: sickness immunity, AC +3, negative energy resistance 1, electricity
resistance, torment resistance 1, petrification resistance
a: Renounce Religion, Berserk


You were on level 2 of the Dungeon.
You worshipped Trog.
Trog was aware of your devotion.
You visited 1 branch of the dungeon, and saw 2 of its levels.

You collected 67 gold pieces.

Inventory:

Hand Weapons
 a - a +0 hand axe (weapon)
Armour
 b - a +0 animal skin (worn)
 e - a +2 hat (worn)
Jewellery
 c - an amulet of guardian spirit (around neck)
 f - a ring of protection from cold (left hand)
Wands
 g - a wand of mindburst (3)
Scrolls
 d - 2 scrolls of identify


   Skills:
 + Level 3.7 Fighting
 + Level 3.3 Axes
 + Level 2.2 Armour
 + Level 2.0 Dodging
 + Level 0.2 Stealth


You had 2 spell levels left.
You didn't know any spells.
Your spell library was empty.

Dungeon Overview and Level Annotations

Branches:
Dungeon (2/15)

Altars:


Innate Abilities, Weirdness & Mutations

You are immune to sickness and miasma.
Your stone body is resilient. (AC +3)
You are immune to poison.
You resist negative energy. (rN+)
You are resistant to electric shocks. (rElec)
You are resistant to unholy torment.
You are immune to petrification.


Message History

Okay, then.
Unknown command.
You hit the worm.
The worm is lightly wounded.
You hit the giant cockroach but do no damage.
The giant cockroach barely misses you. The worm bites you.
The giant cockroach closely misses you.
Unknown command.
You completely miss the worm.
The worm is lightly wounded.
You hit the giant cockroach.
The giant cockroach waves its antennae.
The giant cockroach misses you. The worm bites you.
The giant cockroach misses you.
Unknown command.
You aren't carrying any potions.
Unknown command.
Okay, then.
You hit the worm.
The worm is moderately wounded.
You hit the giant cockroach.
You kill the giant cockroach!
Trog accepts your kill. The worm bites you.
* * * LOW HITPOINT WARNING * * *
You barely miss the worm.
The worm is moderately wounded.
The worm bites you.
* * * LOW HITPOINT WARNING * * *
Unknown command.
You hit the worm.
The worm is heavily wounded.
The worm bites you but does no damage.
You hit the worm.
The worm is severely wounded.
The worm closely misses you.
You hit the worm.
The worm is almost dead.
The worm bites you!
You die...

### ### ##... ... ......
.... ..# #..... . ...#
#.# #.#.... .. ...#
#.#w#g#.. ... ...
.#@#w##.. ... ..
#[#[###.# ..g..## .>###.
#.#$#.##.##.......
.....#
#.#.#.#.#.##.....##
.....#
..#.###.#..##....... .
.....#
....#####.††##.....###.
..†..#
...#.........##.........
.<...#.. .. .
...).#......#....:.
........# .
.............#......


You could see a worm.

Vanquished Creatures
  2 worms (D:2)
  2 bats
  2 endoplasms (D:1)
  4 giant cockroaches
  4 hobgoblins
  3 jackals (D:1)
  4 ball pythons
  2 frilled lizards (D:1)
  4 goblins (D:1)
  A kobold (D:1)
  A rat (D:1)
29 creatures vanquished.

Notes
Turn   | Place    | Note
-------+----------+-------------------------------------------
     0 | D:1      | Gargoyl the Gargoyle Berserker began the quest for the Orb.
     0 | D:1      | Reached XP level 1. HP: 14/14 MP: 1/1
   270 | D:1      | HP: 1/21 [hobgoblin (4)]
   291 | D:1      | Reached XP level 2. HP: 9/19 MP: 2/2
   613 | D:1      | Found a faded altar of an unknown god.
   978 | D:1      | Reached XP level 3. HP: 23/23 MP: 3/3
  1379 | D:2      | HP: 1/24 [worm (5)]
  1382 | D:2      | Mangled by a worm

Illustrated notes

Levels and vault maps discovered:
D:1:      dpeg_chamrin_arrival_tetris, layout_loops_ring,
          chequers_ecumenical_altar_twisty, minivault_4, minmay_vboxes
D:2:      kb_forest_paths, layout_basic, minmay_circle_x

Skill      XL: |  1  2 |
---------------+-------+-----
Axes           | 3 |  3.3
Dodging        | 2 |  2.0
Fighting       | |  3.7
Armour         | |  2.2
Stealth        | |  0.2

Action                     || total
---------------------------++-------
  Melee: Hand axe          ||   115
         Punch             ||     2
 Invoke: Berserk           ||     3
    Use: Scroll            ||     2
 Armour: Animal skin       ||    87
  Dodge: Dodged            ||    97

Table legend: (Time is in decaauts)
 A = Elapsed time spent in this place.
 B = Non-inter-level travel time spent in this place.
 C = Inter-level travel time spent in this place.
 D = Time resting spent in this place.
 E = Time spent auto-exploring this place.
 F = Levels seen in this place.
 G = Mean time per level.
                   A        B        C        D        E       F      G
               +--------+--------+--------+--------+--------+-----+--------+
         Total |   1416 |   1381 |     35 |     52 |   1016 |   2 |  708.0 |
       Dungeon |   1416 |   1381 |     35 |     52 |   1016 |   2 |  708.0 |
               +--------+--------+--------+--------+--------+-----+--------+

Top non-repeatable levels by time:
     D:1: 1257 daAuts
     D:2: 158 daAuts
